 Dungeon Crawl Stone Soup version 0.16-a0-3330-g2931290 (webtiles) character file.

184 Inkie the Sneak (level 5, 0/24 HPs)
             Began as a Vine Stalker Enchanter on Dec 28, 2014.
             Slain by an orc
             ... wielding a +0 scythe
              (4 damage)
             ... on level 3 of the Dungeon.
             The game lasted 00:09:55 (2489 turns).

Inkie the Sneak (Vine Stalker Enchanter)            Turns: 2489, Time: 00:09:55

Health: 0/24       AC:  3    Str: 11    XL:     5   Next: 63%
Magic:  0/11       EV: 14    Int: 16    God:
Gold:   153        SH:  0    Dex: 14    Spells: 2 memorised, 5 levels left

rFire  . . .     SeeInvis .     a - +1 dagger
rCold  + . .     Clarity  .     b - +1 robe
rNeg   . . .     SustAb   .     (no shield)
rPois  .         Gourm    .     (no helmet)
rElec  .         Spirit   +     (no cloak)
rCorr  .         Warding  .     (no gloves)
rMut   .         Stasis   .     (no boots)
MR     .....                    (no amulet)
Stlth  ++++......               s - ring of protection from cold
                                h - +2 ring of evasion

@: not resistant to hostile enchantments, stealthy
A: fangs 2, regeneration 1, magic shield, antimagic bite, no device heal 3, rot
immunity
a: no special abilities


You were on level 3 of the Dungeon.
You were not hungry.

You visited 1 branch of the dungeon, and saw 4 of its levels.

You collected 153 gold pieces.

Inventory:

Hand weapons
 a - a +1 dagger (weapon)
 j - a +2 short sword of protection
 q - a +2 dagger of draining
Missiles
 p - 49 stones (quivered)
Armour
 b - a +1 robe (worn)
Jewellery
 h - a +2 ring of evasion (left hand)
 s - a ring of protection from cold (right hand)
 v - a cursed -4 ring of intelligence {unknown}
Scrolls
 e - 2 scrolls of teleportation {unknown}
 k - a scroll of enchant weapon {unknown}
 l - a scroll of random uselessness {unknown}
 o - 2 scrolls of recharging {unknown}
 t - a scroll of identify {unknown}
 u - a scroll of blinking {unknown}
Potions
 f - a potion of flight {unknown}
 g - a potion of cure mutation {unknown}
 i - a potion of might
 m - a potion of curing
Books
 c - a book of Maledictions

   Spells                             Type                      Level
   a - Corona                         Hexes                        1
   b - Sure Blade                     Hexes/Charms                 2
   c - Ensorcelled Hibernation        Hexes/Ice                    2
   d - Confuse                        Hexes                        3
   e - Dazzling Spray                 Conjuration/Hexes            3
   f - Enslavement                    Hexes                        4
Comestibles
 d - 3 bread rations
 n - 3 meat rations
 r - a chunk of flesh


   Skills:
 + Level 1.0 Short Blades
 - Level 2.2 Dodging
 + Level 7.3 Stealth
 - Level 2.2 Spellcasting
 + Level 3.0 Hexes


You had 5 spell levels left.
You knew the following spells:

 Your Spells              Type           Power        Failure   Level  Hunger
a - Corona                Hex            ##.....      8%          1    #......
c - Ensorcelled Hibernat  Hex/Ice        #.....       17%         2    ###....


Dungeon Overview and Level Annotations

Branches:
Dungeon (4/15)
 Temple: D:4-7

Altars:
Ashenzari
Elyvilon
Nemelex Xobeh
Vehumet
Yredelemnul


Innate Abilities, Weirdness & Mutations

You have extremely sharp teeth.
Your natural rate of healing is unusually fast.
When hurt, damage is shared between your health and your magic reserves.
Your bite disrupts and absorbs the magic of your enemies.
Potions and wands cannot restore your health.
You are immune to rotting.


Message History

The orc hits you with a scythe! The orc closely misses you.
You barely miss the orc.
The orc is moderately wounded.
You hit the orc. You bite the orc, but do no damage.
The orc is heavily wounded.
The orc hits you with a scythe! The orc misses you.
You hit the orc. You bite the orc. You drain its power.
You feel invigorated.
You kill the orc!
The orc misses you.
You hit the orc but do no damage. You bite the orc, but do no damage.
You closely miss the orc. The orc misses you.
You hit the orc but do no damage. The orc hits you with a scythe!
* * * LOW HITPOINT WARNING * * *
You hit the orc.
The orc is lightly wounded.
You hit the orc but do no damage. You bite the orc. You drain its power.
You feel invigorated.
The orc is moderately wounded.
The orc hits you with a scythe!
You die...

##### #....##.....##
....####.####8.....8#
###.........##.....##
###......#####8...8#
.........#
##.....#########
.#######.#
#8.....8#......#
.#######.#
##.....#######.#
.........# #8.o)8# #.#
.#######.# ###@### #.#
.# #.# ##### #.# (# #.#
#..## #.# .## #.## #..#
#.# ..### #..# #.## #.#
....# #..# #)# #.#
..#.# #..# #.# #.#
.##.# #..# #.# ### #.#
###.####..#####.####.##
#.#


You could see an orc.

Vanquished Creatures
  A scorpion (D:4)
  A worker ant (D:3)
  Ijyb (D:2)
  2 adders
  A giant mite (D:2)
  2 worms
  2 giant geckos
  An orc (D:3)
  6 hobgoblins
  2 jackals (D:1)
  12 kobolds
  7 bats
  A giant cockroach (D:1)
  5 giant newts
  2 gnoll zombies (D:3)
  6 goblins
  7 rats
59 creatures vanquished.

Vanquished Creatures (others)
  5 toadstools (D:1)
5 creatures vanquished.

Grand Total: 64 creatures vanquished

Notes
Turn   | Place    | Note
--------------------------------------------------------------
     0 | D:1      | Inkie, the Vine Stalker Enchanter, began the quest for the Orb.
     0 | D:1      | Reached XP level 1. HP: 9/9 MP: 3/3
   153 | D:1      | Reached skill level 4 in Stealth
   169 | D:1      | Reached skill level 1 in Short Blades
   169 | D:1      | Reached XP level 2. HP: 13/13 MP: 5/5
   680 | D:2      | Noticed Ijyb
   725 | D:1      | Learned a level 2 spell: Ensorcelled Hibernation
   736 | D:2      | Killed Ijyb
   736 | D:2      | Reached XP level 3. HP: 11/16 MP: 1/7
   840 | D:2      | Reached skill level 5 in Stealth
  1002 | D:2      | Reached XP level 4. HP: 11/21 MP: 0/8
  1398 | D:2      | Found a shattered altar of Ashenzari.
  1559 | D:3      | Reached skill level 6 in Stealth
  2143 | D:3      | Found a basalt altar of Yredelemnul.
  2194 | D:4      | Found a radiant altar of Vehumet.
  2194 | D:4      | Found a white marble altar of Elyvilon.
  2213 | D:3      | Reached XP level 5. HP: 8/24 MP: 11/11
  2305 | D:4      | Reached skill level 7 in Stealth
  2446 | D:3      | Found a sparkling altar of Nemelex Xobeh.
  2489 | D:3      | Slain by an orc

Action                   |  1- 3 |  4- 6 || total
-------------------------+-------+-------++-------
Melee: Dagger            |   112 |    97 ||   209
 Cast: Corona            |     1 |       ||     1
       Ensorcelled Hiber |     8 |     2 ||    10
  Use: Potion            |       |     4 ||     4
 Stab: Sleeping          |     6 |     7 ||    13
  Eat: Chunk             |       |     6 ||     6
